 Dungeon Crawl Stone Soup version 0.29.1-2-gbd0b4ee654 (webtiles) character file.

Game seed: 4216066058896036254

102 Sabo the Trooper (level 4, -1/29 HPs)
             Began as a Gargoyle Fighter on Nov 24, 2022.
             Was a Believer of Makhleb.
             Slain by Sigmund
             ... wielding a +1 vampiric scythe
              (9 damage)
             ... on level 3 of the Dungeon.
             The game lasted 00:14:45 (3086 turns).

Sabo the Trooper (Gargoyle Fighter)                 Turns: 3086, Time: 00:14:46

Health: -1/29      AC: 18    Str: 21    XL:     4   Next: 77%
Magic:  4/4        EV:  5    Int:  9    God:    Makhleb [**....]
Gold:   200        SH:  4    Dex:  9    Spells: 3/3 levels left

rFire   . . .      SeeInvis .   a - +0 war axe
rCold   . . .      Faith    .   c - +0 buckler
rNeg    + . .      Spirit   .   n - +0 plate armour
rPois   ∞          Reflect  .   (no helmet)
rElec   +          Harm     .   l - +1 cloak {Stlth+}
rCorr   .          Rampage  .   h - +0 pair of gloves
Will    +....                   (no boots)
Stlth   ..........              (no amulet)
HPRegen 0.09/turn               g - ring of willpower
MPRegen 0.09/turn               (no ring)

@: mighty
A: sickness immunity, AC +3, negative energy resistance 1, electricity
resistance, torment resistance 1, petrification resistance
a: Renounce Religion, Minor Destruction


You were on level 3 of the Dungeon.
You worshipped Makhleb.
Makhleb was pleased with you.
You visited 1 branch of the dungeon, and saw 3 of its levels.

You collected 200 gold pieces.

Inventory:

Hand Weapons
 a - a +0 war axe (weapon)
 o - a +0 sling
Missiles
 b - 6 poisoned darts (quivered)
 e - 4 silver boomerangs
Armour
 c - a +0 buckler (worn)
 h - a +0 pair of gloves (worn)
 l - a +1 cloak of stealth (worn)
 n - a +0 plate armour (worn)
Jewellery
 g - a ring of willpower (left hand)
Wands
 p - a wand of polymorph (8)
Scrolls
 f - 3 scrolls of teleportation
 i - a scroll of magic mapping
Potions
 j - 2 potions of heal wounds {unknown}
 k - 2 potions of berserk rage
 m - a potion of flight
 q - 2 potions of lignification {unknown}


   Skills:
 + Level 3.9 Fighting
 + Level 3.1 Axes
 + Level 3.8 Armour
 + Level 0.3 Dodging
 + Level 0.1 Stealth
 + Level 3.8 Shields


You had 3 spell levels left.
You didn't know any spells.
Your spell library was empty.

Dungeon Overview and Level Annotations

Branches:
Dungeon (3/15)

Altars:
Makhleb
Nemelex Xobeh
Sif Muna
Uskayaw
Vehumet

Shops:
D:2 (

Annotations:
D:3 exclusion: statue, Sigmund


Innate Abilities, Weirdness & Mutations

You are immune to sickness and miasma.
Your stone body is resilient. (AC +3)
You are immune to poison.
You resist negative energy. (rN+)
You are resistant to electric shocks. (rElec)
You are resistant to unholy torment.
You are immune to petrification.


Message History

There is a stone staircase leading up here.
Found 9 gold pieces.
You now have 200 gold pieces (gained 9).
There is a stone staircase leading up here.
A frilled lizard comes into view.
Sigmund the Dreaded comes into view.
He is wielding a +1 vampiric scythe.
Sigmund shouts!
Aiming: Minor Destruction (24% risk of failure)
Press: ? - help, Shift-Dir - straight line, f - Sigmund
Aim: Sigmund, wielding a +1 vampiric scythe and wearing a +0 robe The zap misses Sigmund.
Sigmund gestures at you while chanting. The magic dart hits you.
Sigmund casts a spell.
Sigmund flickers and vanishes!
Deactivating autopickup; reactivate with Ctrl-A.
The frilled lizard bites you but does no damage.
You closely miss the frilled lizard. The frilled lizard bites you.
You closely miss the frilled lizard.
The frilled lizard bites you but does no damage.
Something hits you but does no damage.
The frilled lizard bites you but does no damage.
You closely miss the frilled lizard. Something hits you.
The frilled lizard bites you but does no damage.
You barely miss the frilled lizard. The frilled lizard barely misses you.
Something hits you.
The frilled lizard bites you but does no damage.
You hit the frilled lizard.
You kill the frilled lizard!
Makhleb accepts your kill. Something hits you but does no damage.
You feel very mighty all of a sudden. Something hits you.
You see here a frilled lizard corpse.
You slash something! Something hits you but does no damage.
You miss something. Something hits you!
* * * LOW HITPOINT WARNING * * *
You barely miss something. Something hits you but does no damage.
You barely miss something. Something hits you!
You die...

.....# #...........# #.
####.# .≈≈≈.≈. #.#########.#
#. # ≈...≈≈.
#.#########.###. # ≈._.≈≈.
#............... # ≈...≈≈.
#.###........... ##
.≈≈≈.≈.##.###.#.###.#.#.
.###.#
.....≈.#................
.....#
≈≈≈≈≈.{#......#####.#.#.
.###... #@..#########.##..
## ###<..........###. #
#.########### #.
##################.# ##
...................# #
##################.#########
# #..........# #
#.########.###### #.#
#.......


There were no monsters in sight!

Vanquished Creatures
  An orc wizard (D:3)
  3 gnolls (D:3)
  A worm (D:2)
  4 orcs (D:3)
  5 endoplasms
  3 goblins (D:3)
  3 hobgoblins
  A quokka (D:3)
  4 ball pythons
  6 bats
  4 frilled lizards
  3 kobolds (D:1)
  8 rats
46 creatures vanquished.

Notes
Turn   | Place    | Note
-------+----------+-------------------------------------------
     0 | D:1      | Sabo the Gargoyle Fighter began the quest for the Orb.
     0 | D:1      | Reached XP level 1. HP: 14/14 MP: 1/1
   867 | D:1      | Reached XP level 2. HP: 16/19 MP: 2/2
  1028 | D:2      | Found a faded altar of an unknown god.
  1053 | D:2      | Prayed at the altar of an unknown god.
  1053 | D:2      | Became a worshipper of Makhleb the Destroyer
  1053 | D:2      | Reached * piety under Makhleb
  1190 | D:2      | Found Heas's Weapon Shoppe.
  1800 | D:2      | Found a hide-covered altar of Uskayaw.
  2164 | D:3      | Reached XP level 3. HP: 20/23 MP: 3/3
  2173 | D:3      | Reached XP level 4. HP: 29/29 MP: 4/4
  2223 | D:3      | Found a radiant altar of Vehumet.
  2223 | D:3      | Noticed a charred statue
  2537 | D:3      | Reached ** piety under Makhleb
  2748 | D:3      | Found a shimmering blue altar of Sif Muna.
  3009 | D:3      | Found a sparkling altar of Nemelex Xobeh.
  3069 | D:3      | Noticed Sigmund
  3086 | D:3      | Slain by Sigmund

Illustrated notes

Levels and vault maps discovered:
D:1:      lightli_arrival_isolated_outpost, layout_basic,
          kennysheep_pointless_box, eino_curves_03
D:2:      layout_basic, serial_shops, nicolae_square_shop,
          basic_ecumenical_altar, basic_altar
D:3:      layout_loops_ring, mainiacjoe_overflow_paths, vehumet_statue,
          lemuel_blue_sif_altar, uniq_sigmund

Skill      XL: |  1  2  3  4 |
---------------+-------------+-----
Axes           | 2 3 |  3.1
Fighting       | |  3.9
Armour         | |  3.8
Dodging        | |  0.3
Stealth        | |  0.1
Shields        | |  3.8

Action                   |  1- 3 |  4- 6 || total
-------------------------+-------+-------++-------
Melee: War axe           |    71 |    70 ||   141
Invok: Minor Destruction |       |     1 ||     1
  Use: Scroll            |     5 |     2 ||     7
       Potion            |       |     1 ||     1
Armor: Scale mail        |    14 |       ||    14
       Plate armour      |    43 |    47 ||    90
Dodge: Dodged            |    27 |    16 ||    43
Block: Buckler           |    20 |    13 ||    33
